 Dungeon Sprint DCSS version 0.29-a0-233-g1125b37a9b (webtiles) character file.

Game seed: 14914563237991146799

439 mhtbhm the Basher (level 6, -2/71 HPs)
             Began as a Troll Berserker on Mar 1, 2022.
             Was a Believer of Trog.
             Shot with an arrow by a centaur warrior (16 damage)
             ... in the Dungeon (Sprint I: "Red Sonja").
             The game lasted 00:00:50 (346 turns).

mhtbhm the Basher (Troll Berserker)                  Turns: 346, Time: 00:00:52

Health: -2/71      AC:  4    Str: 28    XL:     6   Next: 70%
Magic:  5/5        EV: 15    Int:  3    God:    Trog [**....]
Gold:   209        SH:  0    Dex:  9    Spells: 5/5 levels left

rFire   . . .      SeeInvis .   a - +0 mace
rCold   . . .      Faith    .   (no shield)
rNeg    . . .      Spirit   .   b - +0 animal skin
rPois   .          Reflect  .   (helmet restricted)
rElec   .          Harm     .   (no cloak)
rCorr   .          Rampage  .   (gloves unavailable)
Will    .....      NoTele   +   (boots unavailable)
Stlth   +.........              (no amulet)
HPRegen 1.01/turn               j - +4 ring of evasion
MPRegen 0.09/turn               (no ring)

@: no status effects
A: large, unfitting armour, claws 3, regeneration 1, shaggy fur 1, tough skin 1
a: Renounce Religion, Berserk, Trog's Hand


You were in the Dungeon.
You worshipped Trog.
Trog was pleased with you.
You visited 1 branch You collected 307 gold pieces.
You spent 98 gold pieces at shops.

Inventory:

Hand Weapons
 a - a +0 mace (weapon)
Armour
 b - a +0 animal skin (worn)
Jewellery
 j - a +4 ring of evasion (left claw)
Wands
 i - a wand of iceblast (9)
Potions
 c - a potion of curing
 e - a potion of haste
 f - 2 potions of magic
 g - a potion of berserk rage
 k - a potion of might {unknown}


   Skills:
 + Level 7.4 Fighting
 + Level 8.6 Maces & Flails
 + Level 7.0 Dodging


You had 5 spell levels left.
You didn't know any spells.
Your spell library was empty.

Dungeon Overview and Level Annotations

Branches:
Dungeon (1/1)

Altars:
Cheibriados
Dithmenos
Elyvilon
Fedhas
Gozag
Hepliaklqana
Kikubaaqudgha
Nemelex Xobeh
Okawaru
Qazlal
Ru
Sif Muna
Trog
Uskayaw
Vehumet
Wu Jian
Yredelemnul
Zin
The Shining One

Shops:
D ?


Innate Abilities, Weirdness & Mutations

You are too large for most types of armour.
You have claws for hands.
Your natural rate of healing is unusually fast.
You are covered in fur. (AC +1)
You have tough skin. (AC +1)


Message History

The centaur warrior shouts!
The centaur warrior wields a +0 longbow.
The centaur warrior shoots an arrow.
The arrow hits you!
Unknown command.
Found a short sword and a flail.
There is an open door here.
You enter the shallow water.
Moving in this stuff is going to be slow.
The centaur warrior shoots an arrow.
The arrow closely misses you.
The centaur warrior shoots an arrow.
The arrow completely misses you.
You hear a shout!
Unknown command.
As you read the scroll of fear, it crumbles to dust.
You assume a fearsome visage.
The centaur warrior looks frightened! x2
A hornet comes into view.
Found 108 gold pieces.
The centaur warrior shouts!
You hear an angry buzzing noise.
The centaur warrior wields a +0 longbow of freezing.
It is covered in frost.
The centaur warrior shoots an arrow.
The arrow hits you! The arrow freezes you!
The centaur warrior shoots an arrow.
The arrow hits you!
* * * LOW HITPOINT WARNING * * *
The arrow freezes you.
* * * LOW HITPOINT WARNING * * *
Unknown command.
Okay, then.
Blink to where?
Press: ? - help, Dir - move target
Okay, then.
You feel much better.
The centaur warrior shoots an arrow.
The arrow misses you.
Unknown command.
Blink to where?
Press: ? - help, Dir - move target
As you read the scroll of blinking, it crumbles to dust.
The centaur warrior shoots an arrow.
The arrow hits you!! The arrow freezes you!
* * * LOW HITPOINT WARNING * * *
The centaur warrior shoots an arrow.
The arrow hits you!
You die...

################***************
#<.#..)..#..'..#__*,,+,,,*,,*,,
#..)..#..').#..+,,+,,*,,,**+*,*
#..#####'#####'#__*###,,,+,,*,*
#..####..#...#.####§)#****,,+,*
#..#__####..##.#≈§§c§#$$#*+****
#..#_____##'#_@'≈≈y§§'..#,,,,,*
#⌠⌠#_.∩...'..._#≈≈§§§#c$#,,,,,+
####_..__##_.#'##+####*+***,,,*
*,,#_____###+#.#,,,,***,+,*,,,*
***#######**,###*+***,***,*,,**
*∩,,,,,,,,+,,,+,,,,,+,∩**,*,,**
***++++****,,,***********,**+*,
*,,,,,,,****,***,,,,,,,**,**,*,
*,,,,,,,,*,*+*,*,,,,,,,,+,****,


You could see a centaur warrior and a hornet.

Vanquished Creatures
  Sigmund (D)
  A yak (D)
  An ogre (D)
  A jelly (D)
  Ijyb (D)
5 creatures vanquished.

Notes
Turn   | Place    | Note
-------+----------+-------------------------------------------
     0 | D        | mhtbhm the Troll Berserker began the quest for the Orb.
     0 | D        | Reached XP level 1. HP: 22/22 MP: 0/0
     1 | D        | Noticed Ijyb
     7 | D        | Killed Ijyb
     8 | D        | Reached skill level 4 in Maces & Flails
     8 | D        | Reached XP level 2. HP: 32/32 MP: 1/1
   148 | D        | Noticed an ogre
   153 | D        | Killed an ogre
   154 | D        | Reached skill level 5 in Fighting
   154 | D        | Reached skill level 5 in Maces & Flails
   154 | D        | Reached XP level 3. HP: 41/42 MP: 2/2
   154 | D        | Reached XP level 4. HP: 49/50 MP: 3/3
   208 | D        | Noticed Sigmund
   214 | D        | Killed Sigmund
   214 | D        | Reached ** piety under Trog
   215 | D        | Reached skill level 7 in Maces & Flails
   215 | D        | Reached XP level 5. HP: 61/61 MP: 4/4
   215 | D        | Reached XP level 6. HP: 68/68 MP: 5/5
   265 | D        | Found an ornate altar of the Wu Jian Council.
   265 | D        | Found a shimmering blue altar of Sif Muna.
   267 | D        | Found a radiant altar of Vehumet.
   314 | D        | Found Cogegig's Magic Scroll Emporium.
   314 | D        | Found an ancient bone altar of Kikubaaqudgha.
   314 | D        | Found a hazy altar of Hepliaklqana.
   314 | D        | Found a stormy altar of Qazlal.
   314 | D        | Found a hide-covered altar of Uskayaw.
   314 | D        | Found a blossoming altar of Fedhas.
   314 | D        | Found a bloodstained altar of Trog.
   314 | D        | Found an iron altar of Okawaru.
   314 | D        | Found a basalt altar of Yredelemnul.
   314 | D        | Found a glowing golden altar of the Shining One.
   314 | D        | Found a snail-covered altar of Cheibriados.
   314 | D        | Found a sacrificial altar of Ru.
   314 | D        | Found a glowing silver altar of Zin.
   314 | D        | Found a shadowy altar of Dithmenos.
   314 | D        | Found a white marble altar of Elyvilon.
   314 | D        | Noticed a yak
   315 | D        | Found an opulent altar of Gozag.
   320 | D        | Killed a yak
   321 | D        | Reached skill level 8 in Maces & Flails
   321 | D        | Found a sparkling altar of Nemelex Xobeh.
   329 | D        | Bought a scroll of fear for 49 gold pieces
   329 | D        | Bought a scroll of magic mapping for 49 gold pieces
   339 | D        | Noticed a centaur warrior
   339 | D        | Noticed a centaur warrior
   344 | D        | Noticed a hornet
   346 | D        | Shot with an arrow by a centaur warrior

Illustrated notes

Levels and vault maps discovered:
D:        dungeon_sprint_1 [red_sonja_temple_1, red_sonja_temple_small_1]

Skill      XL: |  1  2  3  4  5  6 |
---------------+-------------------+-----
Fighting       | 3 5 6 7 |  7.4
Maces & Flails | 4 5 7 8 |  8.6
Dodging        | 3 4 6 7 |  7.0

Action                   |  1- 3 |  4- 6 || total
-------------------------+-------+-------++-------
Melee: Mace              |     9 |    12 ||    21
Invok: Berserk           |     2 |     1 ||     3
  Use: Scroll            |       |     3 ||     3
       Potion            |       |     1 ||     1
Armor: Animal skin       |       |     2 ||     2
Dodge: Dodged            |     3 |     9 ||    12

Table legend: (Time is in decaauts)
 A = Elapsed time spent in this place.
 B = Non-inter-level travel time spent in this place.
 C = Inter-level travel time spent in this place.
 D = Time resting spent in this place.
 E = Time spent auto-exploring this place.
 F = Levels seen in this place.
 G = Mean time per level.
                   A        B        C        D        E       F      G
               +--------+--------+--------+--------+--------+-----+--------+
         Total |    377 |    377 |      0 |    256 |      1 |   1 |  377.0 |
       Dungeon |    377 |    377 |      0 |    256 |      1 |   1 |  377.0 |
               +--------+--------+--------+--------+--------+-----+--------+

Top non-repeatable levels by time:
       D: 377 daAuts
